3AA
WESTWOOD SIXSHOOTERS @ SAN ANTONIO BC
09/18/2032
 
TOP OF THE 1ST
Westwood Sixshooters batting - Pitching for San Antonio BC : RHP Liam Sorrell
Pitching: RHP Liam Sorrell
Batting: RHB Simone Catalani 0-0: Ball
1-0: Ball
2-0: Foul Ball, location: 2F
2-1: Ground out 1-3 (Groundball, 13)
Batting: LHB Datu Lesaca 0-0: Called Strike
0-1: Called Strike
0-2: Ball
1-2: Ball
2-2: Strikes out swinging
Batting: SHB Jasper Morrison 0-0: Called Strike
0-1: Ball
1-1: Fly out, F7 (Flyball, 7D)
Top of the 1st over - 0 runs, 0 hits, 0 errors, 0 left on base; Westwood 0 - San Antonio 0
BOTTOM OF THE 1ST
San Antonio BC batting - Pitching for Westwood Sixshooters : RHP Ray Mangas
Pitching: RHP Ray Mangas
Batting: SHB Rodolphe Nairn 0-0: Foul Ball, location: 2F
0-1: Swinging Strike
0-2: Ball
1-2: Ball
2-2: Ball
3-2: Base on Balls
Batting: RHB Louis Litt 0-0: Foul Ball, location: 2F
0-1: Ball
1-1: Swinging Strike
1-2: Ball
2-2: Ball
3-2: Fielders Choice at 2nd, 6-4 (Groundball, 6)
Batting: LHB Pablo Morales 0-0: Called Strike
0-1: Ball
1-1: Ball
2-1: Ball
3-1: Called Strike
3-2: Base on Balls
Louis Litt to second
Batting: LHB Dawit Lihalakha 0-0: Ball
1-0: Ball
Louis Litt steals 3rd base
Pablo Morales to second
2-0: Called Strike
2-1: Fly out, F9 (Line Drive, 9)
Runner from 3rd tags up, SCORES, throw made
Batting: SHB Esteban Borsellino 0-0: Called Strike
0-1: Called Strike
0-2: Foul Ball, location: 2F
0-2: Strikes out swinging
Bottom of the 1st over - 1 run, 0 hits, 0 errors, 1 left on base; Westwood 0 - San Antonio 1
TOP OF THE 2ND
Westwood Sixshooters batting - Pitching for San Antonio BC : RHP Liam Sorrell
Batting: LHB Vicente Gonzáles 0-0: Ball
1-0: Ball
2-0: SINGLE (Line Drive, 8RS)
Batting: SHB Júlio Morín Jr. 0-0: Ball
1-0: Ball
2-0: Called Strike
2-1: Called Strike
2-2: Foul Ball, location: 2F
2-2: Strikes out looking
Batting: RHB Michael Brannon 0-0: Ball
1-0: Ball
2-0: Fly out, F8 (Flyball, 8LS)
Batting: LHB Mitchell Cusimano 0-0: Ball
1-0: Foul Ball, location: 2F
1-1: Ball
2-1: Ball
3-1: Base on Balls
Vicente Gonzáles to second
Batting: SHB Aurelio Jiménez 0-0: Ball
1-0: SINGLE (Groundball, 4D)
Vicente Gonzáles to third
Mitchell Cusimano to second
Runner from 3rd tries for Home, SAFE, no throw
Batting: RHB Domingo Bravo 0-0: Ball
1-0: Ball
2-0: Foul Ball, location: 2F
2-1: Fly out, F9 (Flyball, 89S)
Top of the 2nd over - 1 run, 2 hits, 0 errors, 2 left on base; Westwood 1 - San Antonio 1
BOTTOM OF THE 2ND
San Antonio BC batting - Pitching for Westwood Sixshooters : RHP Ray Mangas
Batting: RHB Rafael López 0-0: Ball
1-0: Ball
2-0: Foul Ball, location: 2F
2-1: Swinging Strike
2-2: Strikes out swinging
Batting: RHB Tyler Utterback 0-0: Ball
1-0: Fly out, F3 (Popup, 3)
Batting: RHB José Perea 0-0: Ball
1-0: Called Strike
1-1: Swinging Strike
1-2: Ball
2-2: Ball
3-2: Foul Ball, location: 2F
3-2: SINGLE (Flyball, 7LS)
Batting: RHB Ben Hampton 0-0: Fly out, F7 (Flyball, 78D)
Bottom of the 2nd over - 0 runs, 1 hit, 0 errors, 1 left on base; Westwood 1 - San Antonio 1
TOP OF THE 3RD
Westwood Sixshooters batting - Pitching for San Antonio BC : RHP Liam Sorrell
Batting: RHB Simone Catalani 0-0: Ground out 6-3 (Groundball, 6M)
Batting: LHB Datu Lesaca 0-0: Foul Ball, location: 2F
0-1: Ball
1-1: Ball
2-1: Swinging Strike
2-2: SINGLE (Groundball, 3S) (infield hit)
Batting: SHB Jasper Morrison 0-0: Ball
1-0: Ball
2-0: Foul Ball, location: 2F
2-1: Grounds into double play, 6-4-3 (Groundball, 6)
Top of the 3rd over - 0 runs, 1 hit, 0 errors, 0 left on base; Westwood 1 - San Antonio 1
BOTTOM OF THE 3RD
San Antonio BC batting - Pitching for Westwood Sixshooters : RHP Ray Mangas
Batting: SHB Rodolphe Nairn 0-0: Foul Ball, location: 2F
0-1: Ball
1-1: Ball
2-1: Ball
3-1: Foul Ball, location: 2F
3-2: Base on Balls
Batting: RHB Louis Litt 0-0: Swinging Strike
0-1: Ball
1-1: Swinging Strike
1-2: Ball
2-2: Foul Ball, location: 2F
2-2: Foul Ball, location: 2F
2-2: Strikes out swinging
Batting: LHB Pablo Morales 0-0: Ball
Rodolphe Nairn steals 2nd base
1-0: Ball
2-0: Called Strike
2-1: Called Strike
2-2: Ball
Pickoff Throw to Second - Error! E1
Rodolphe Nairn to third
3-2: Strikes out swinging
Batting: LHB Dawit Lihalakha 0-0: Called Strike
0-1: Ball
1-1: Ball
2-1: Swinging Strike
2-2: Ball
3-2: Foul Ball, location: 2F
3-2: Base on Balls
Batting: SHB Esteban Borsellino 0-0: Called Strike
0-1: Called Strike
0-2: Strikes out swinging
Bottom of the 3rd over - 0 runs, 0 hits, 1 error, 2 left on base; Westwood 1 - San Antonio 1
TOP OF THE 4TH
Westwood Sixshooters batting - Pitching for San Antonio BC : RHP Liam Sorrell
Batting: LHB Vicente Gonzáles 0-0: Ball
1-0: Foul Ball, location: 2F
1-1: Ball
2-1: Ball
3-1: Base on Balls
Batting: SHB Júlio Morín Jr. 0-0: Ball
1-0: Called Strike
1-1: Foul Ball, location: 2F
1-2: Ground out 6-3 (Groundball, 6S)
Vicente Gonzáles to second
Batting: RHB Michael Brannon 0-0: Called Strike
0-1: Called Strike
0-2: Foul Ball, location: 2F
0-2: Foul Ball, location: 2F
0-2: Ball
1-2: Fly out, F5 (Popup, 5F)
Batting: LHB Mitchell Cusimano 0-0: Ball
1-0: Ground out U3 (Groundball, 34)
Top of the 4th over - 0 runs, 0 hits, 0 errors, 1 left on base; Westwood 1 - San Antonio 1
BOTTOM OF THE 4TH
San Antonio BC batting - Pitching for Westwood Sixshooters : RHP Ray Mangas
Batting: RHB Rafael López 0-0: Called Strike
0-1: Ball
1-1: Ball
2-1: Ground out 6-3 (Groundball, 6S)
Batting: RHB Tyler Utterback 0-0: Ball
1-0: Called Strike
1-1: Foul Ball, location: 2F
1-2: Strikes out swinging
Batting: RHB José Perea 0-0: Ball
1-0: Ball
2-0: Ball
3-0: Base on Balls
Pitching: RHP Raúl Colón
Batting: RHB Ben Hampton 0-0: Ball
1-0: Ball
2-0: Called Strike
2-1: SINGLE (Line Drive, 9S)
José Perea to second
Batting: SHB Rodolphe Nairn 0-0: Ground out 4-3 (Groundball, 4)
Bottom of the 4th over - 0 runs, 1 hit, 0 errors, 2 left on base; Westwood 1 - San Antonio 1
TOP OF THE 5TH
Westwood Sixshooters batting - Pitching for San Antonio BC : RHP Liam Sorrell
Batting: SHB Aurelio Jiménez 0-0: Foul Ball, location: 2F
0-1: Foul Ball, location: 2F
0-2: Ball
1-2: Fly out, F7 (Line Drive, 7)
Batting: RHB Domingo Bravo 0-0: Foul Ball, location: 2F
0-1: Ball
1-1: Fly out, F9 (Flyball, 9)
Batting: RHB Simone Catalani 0-0: Called Strike
0-1: Ball
1-1: Foul Ball, location: 2F
1-2: Fly out, F8 (Flyball, 8LS)
Top of the 5th over - 0 runs, 0 hits, 0 errors, 0 left on base; Westwood 1 - San Antonio 1
BOTTOM OF THE 5TH
San Antonio BC batting - Pitching for Westwood Sixshooters : RHP Raúl Colón
Batting: RHB Louis Litt 0-0: Called Strike
0-1: Fly out, F8 (Flyball, 78M)
Batting: LHB Pablo Morales 0-0: Ground out 5-3 (Groundball, 5)
Batting: LHB Dawit Lihalakha 0-0: Called Strike
0-1: Ball
1-1: Called Strike
1-2: Foul Ball, location: 2F
1-2: Ball
2-2: Ground out 4-3 (Groundball, 4MD)
Bottom of the 5th over - 0 runs, 0 hits, 0 errors, 0 left on base; Westwood 1 - San Antonio 1
TOP OF THE 6TH
Westwood Sixshooters batting - Pitching for San Antonio BC : RHP Liam Sorrell
Batting: LHB Datu Lesaca 0-0: Ball
1-0: Called Strike
1-1: Ball
2-1: Foul Ball, location: 2F
2-2: Ball
3-2: Foul Ball, location: 2F
3-2: Base on Balls
Batting: SHB Jasper Morrison 0-0: Called Strike
0-1: Foul Ball, location: 2F
0-2: Fly out, F9 (Flyball, 9D)
Batting: LHB Vicente Gonzáles 0-0: Ball
1-0: Foul Ball, location: 2F
1-1: Called Strike
1-2: Strikes out looking
Batting: SHB Júlio Morín Jr. 0-0: Ball
1-0: Foul Ball, location: 2F
1-1: Ball
2-1: Ball
3-1: Fly out, F8 (Flyball, 8LM)
Top of the 6th over - 0 runs, 0 hits, 0 errors, 1 left on base; Westwood 1 - San Antonio 1
BOTTOM OF THE 6TH
San Antonio BC batting - Pitching for Westwood Sixshooters : RHP Raúl Colón
Batting: SHB Esteban Borsellino 0-0: Ball
1-0: Ball
2-0: Called Strike
2-1: Foul Ball, location: 2F
2-2: Foul Ball, location: 2F
2-2: Strikes out looking
Batting: RHB Rafael López 0-0: Fly out, F8 (Flyball, 89M)
Batting: RHB Tyler Utterback 0-0: Ball
1-0: TRIPLE (Flyball, 78XD)
Batting: RHB José Perea 0-0: Ground out 1-3 (Groundball, 13S)
Bottom of the 6th over - 0 runs, 1 hit, 0 errors, 1 left on base; Westwood 1 - San Antonio 1
TOP OF THE 7TH
Westwood Sixshooters batting - Pitching for San Antonio BC : RHP Liam Sorrell
Batting: RHB Michael Brannon 0-0: Ball
1-0: Called Strike
1-1: Ball
2-1: Foul Ball, location: 2F
2-2: Foul Ball, location: 2F
2-2: Strikes out looking
Batting: LHB Mitchell Cusimano 0-0: Ball
1-0: Ball
2-0: Called Strike
2-1: Ball
3-1: Base on Balls
Pitching: LHP Martín Salazar
Batting: SHB Aurelio Jiménez 0-0: Ball
1-0: Swinging Strike
1-1: Ball
Mitchell Cusimano is caught stealing 2nd base
2-1: Ground out 6-3 (Groundball, 6)
Top of the 7th over - 0 runs, 0 hits, 0 errors, 0 left on base; Westwood 1 - San Antonio 1
BOTTOM OF THE 7TH
San Antonio BC batting - Pitching for Westwood Sixshooters : RHP Raúl Colón
Pinch Hitting: RHB Abraham Phelps 0-0: Ball
1-0: Fly out, F8 (Flyball, 8LS)
Batting: SHB Rodolphe Nairn 0-0: Ball
1-0: Ball
2-0: Ball
3-0: Called Strike
3-1: Called Strike
3-2: SINGLE (Flyball, 89M)
Pinch Hitting: RHB Chet Mathis 0-0: Ball
1-0: Ball
2-0: Ball
3-0: Called Strike
3-1: SINGLE (Groundball, 34D)
Rodolphe Nairn to second
Runner from 2nd tries for 3rd, SAFE, throw made to third
Batting: LHB Pablo Morales 0-0: Ball
1-0: SINGLE (Groundball, 4MD)
Rodolphe Nairn scores
Chet Mathis to second
Batting: LHB Dawit Lihalakha 0-0: Ball
1-0: Called Strike
1-1: Foul Ball, location: 2F
1-2: Strikes out swinging
Batting: SHB Esteban Borsellino 0-0: Called Strike
0-1: Swinging Strike
0-2: Ball
1-2: Ground out 4-3 (Groundball, 4)
Bottom of the 7th over - 1 run, 3 hits, 0 errors, 2 left on base; Westwood 1 - San Antonio 2
TOP OF THE 8TH
Westwood Sixshooters batting - Pitching for San Antonio BC : LHP Martín Salazar
Now at 2B: Ryan Robbins
Now at 3B: Renato Lavado
Batting: RHB Domingo Bravo 0-0: Called Strike
0-1: Ball
1-1: Ground out 4-3 (Groundball, 4)
Batting: RHB Simone Catalani 0-0: Swinging Strike
0-1: Ground out 6-3 (Groundball, 6S)
Batting: LHB Datu Lesaca 0-0: Called Strike
0-1: Ball
1-1: Foul Ball, location: 2F
1-2: Strikes out swinging
Top of the 8th over - 0 runs, 0 hits, 0 errors, 0 left on base; Westwood 1 - San Antonio 2
BOTTOM OF THE 8TH
San Antonio BC batting - Pitching for Westwood Sixshooters : RHP Raúl Colón
Batting: RHB Rafael López 0-0: Called Strike
0-1: Foul Ball, location: 2F
0-2: Hit by Pitch
Batting: RHB Tyler Utterback 0-0: Ball
1-0: Ball
2-0: Ball
3-0: Called Strike
3-1: Fly out, F5 (Popup, 56)
Pitching: RHP Alfonso Santa Maria
Batting: RHB José Perea 0-0: Ball
1-0: Called Strike
1-1: Fly out, F7 (Flyball, 7LSF)
Batting: RHB Renato Lavado 0-0: Ball
1-0: SINGLE (Flyball, 8RS)
Rafael López to second
Runner from 2nd tries for 3rd, SAFE, throw made to third
Batting: SHB Rodolphe Nairn 0-0: Called Strike
0-1: Ball
1-1: Ball
2-1: Called Strike
2-2: Ball
3-2: SINGLE (Groundball, 34S) (infield hit)
Rafael López scores
Renato Lavado to second
Batting: RHB Ryan Robbins 0-0: Hit by Pitch
Renato Lavado to third
Rodolphe Nairn to second
Batting: LHB Pablo Morales 0-0: Foul Ball, location: 2F
0-1: Foul Ball, location: 2F
0-2: Strikes out swinging
Bottom of the 8th over - 1 run, 2 hits, 0 errors, 3 left on base; Westwood 1 - San Antonio 3
TOP OF THE 9TH
Westwood Sixshooters batting - Pitching for San Antonio BC : LHP Martín Salazar
Pitching: RHP Corbin Holling
Batting: SHB Jasper Morrison 0-0: Ball
1-0: Called Strike
1-1: Ground out 4-3 (Groundball, 4)
Batting: LHB Vicente Gonzáles 0-0: Ball
1-0: Ball
2-0: Called Strike
2-1: Called Strike
2-2: Ball
3-2: Foul Ball, location: 2F
3-2: SINGLE (Line Drive, 89M)
Batting: SHB Júlio Morín Jr. 0-0: TRIPLE (Line Drive, 8RXD)
Vicente Gonzáles scores
Batting: RHB Michael Brannon 0-0: Ground out 6-3 (Groundball, 6MS)
Batting: LHB Mitchell Cusimano 0-0: Foul Ball, location: 2F
0-1: Swinging Strike
0-2: Ball
1-2: Strikes out swinging
Top of the 9th over - 1 run, 2 hits, 0 errors, 1 left on base; Westwood 2 - San Antonio 3
Wednesday, September 19th, 2018 - OOTP Baseball 18.8 Build 76